 Dungeon Crawl Stone Soup version 0.32-a0-481-g9ce6b883f8 (webtiles) character file.

Game seed: 13065829921147967402

17446 GordonOverkill the Thaumaturge (level 12, -4/61 HPs)
             Began as a Spriggan Delver on Feb 26, 2024.
             Was an Elder of Sif Muna.
             Killed from afar by a lindwurm (32 damage)
             ... with a blast of flame
             ... on level 2 of the Lair of Beasts.
             The game lasted 00:36:11 (19709 turns).

GordonOverkill the Thaumaturge (Spriggan Delver)   Turns: 19709, Time: 00:36:11

Health: -4/61      AC: 12    Str: 14    XL:     12   Next: 19%
Magic:  24/27      EV: 17    Int: 16    God:    Sif Muna [****..]
Gold:   655        SH:  5    Dex: 17    Spells: 26/31 levels left

rFire   . . .        y - +8 rapier of the Barnacled God {protect, rElec rPois Will- SInv}
rCold   . . .        (no shield)
rNeg    + . .        b - +0 robe
rPois   +            I - +2 hat
rElec   +            h - +0 cloak
rCorr   .            (gloves unavailable)
SInv    +            (boots unavailable)
Will    +....        E - amulet of reflection
Stlth   ++++         j - +6 ring of strength
HPRegen 0.30/turn    H - ring of positive energy
MPRegen 0.20/turn

%: reflection
@: under a protective aura, invisible, very quick
A: very small, no large weapons, unfitting armour, see invisible, speed 3
a: Renounce Religion, Channel Magic, Forget Spell, Divine Exegesis


You were on level 2 of the Lair of Beasts.
You worshipped Sif Muna.
Sif Muna was greatly pleased with you.
You visited 3 branches of the dungeon, and saw 13 of its levels.
You also visited: Sewer.

You collected 681 gold pieces.
You spent 26 gold pieces at shops.

Inventory:

Hand Weapons
 q - the +9 staff of Olgreb {rPois∞}
   (You found it on level 6 of the Dungeon)

   Radiate:   It can be activated via the 'a'bility menu to radiate toxic
   energy, with effectiveness depending on Evocations skill.
   Alch:      It enhances your alchemy magic.
   rPois∞: It grants immunity to poison.
 y - the +8 rapier of the Barnacled God (weapon) {protect, rElec rPois Will- SInv}
   (You found it on level 3 of the Dungeon)

   rElec:     It insulates you from electricity.
   rPois:     It protects you from poison Will-: It decreases your willpower.
   SInv:      It lets you see invisible.
 C - a +3 dagger of venom
Missiles
 r - 2 throwing nets
 J - 7 boomerangs
 K - 21 poisoned darts (quivered)
Armour
 b - a +0 robe (worn)
 h - a +0 cloak (worn)
 I - a +2 hat (worn)
Jewellery
 a - a ring of ice
 i - a ring of poison resistance
 j - a +6 ring of strength (left hand)
 E - an amulet of reflection (around neck)
 H - a ring of positive energy (right hand)
Wands
 g - a wand of digging (3)
 k - a wand of polymorph (6)
 M - a wand of flame (28)
Scrolls
 c - 2 scrolls of fog
 d - 5 scrolls of revelation
 e - 5 scrolls of fear
 m - a scroll of acquirement {unknown}
 n - a scroll of amnesia
 s - 4 scrolls of blinking
 t - a scroll of butterflies {unknown}
 v - a scroll of brand weapon {unknown}
 x - a scroll of poison {unknown}
 z - 3 scrolls of silence
 A - a scroll of vulnerability
 D - 4 scrolls of teleportation
 F - a scroll of immolation {unknown}
Potions
 f - 4 potions of haste
 l - 4 potions of curing
 o - 2 potions of ambrosia
 p - 2 potions of heal wounds {unknown}
 w - a potion of magic
 B - 2 potions of might {unknown}
 G - a potion of cancellation {unknown}
 N - 3 potions of lignification {unknown}
 O - 2 potions of brilliance
 P - a potion of mutation {unknown}
 Q - a potion of resistance {unknown}
Miscellaneous
 L - a tin of tremorstones (1/2)


   Skills:
 - Level 6.0 Fighting
 - Level 4.0 Short Blades
 - Level 3.0 Throwing
 - Level 2.6 Dodging
 - Level 7.2 Stealth
 - Level 10.0 Spellcasting
 - Level 10.0 Conjurations
 + Level 3.5 Air Magic
 - Level 8.1 Invocations
 - Level 7.0 Evocations


You had 26 spell levels left.
You knew the following spells:

 Your Spells              Type           Power      Damage    Failure   Level
a - Shock                 Conj/Air       100%       1d9       1%          1
b - Airstrike             Air            9%         2d(2-18)  22%         4

Your spell library contained the following spells:

 Spells                   Type           Power      Damage    Failure   Level
 Swiftness                Air            19%        N/A       6%          3
 Ensorcelled Hibernation  Hex/Ice        16%        N/A       14%         2
 Passwall                 Erth           8%         N/A       26%         3


Dungeon Overview and Level Annotations

Branches:
Dungeon (10/15)            Temple (1/1) D:5            Lair (2/5) D:8
  Sewer (visited)
  Swamp: Lair:2-3    Shoals: Lair:2-3     Snake: Lair:2-3    Spider: Lair:2-3
    Orc: D:9-12

Altars:
Ashenzari
Cheibriados
Dithmenos
Elyvilon
Fedhas
Gozag
Hepliaklqana
Kikubaaqudgha
Makhleb
Nemelex Xobeh
Okawaru
Qazlal
Ru
Sif Muna
Trog
Uskayaw
Vehumet
Wu Jian
Xom
Yredelemnul
Zin
The Shining One

Shops:
D:1 !   D:6 ?

Annotations:
D:6 1 runed translucent door
D:9 3 runed translucent doors, hattey's ghost, novice HuWn


Innate Abilities, Weirdness & Mutations

You are very small and have problems with some larger weapons.
You are too small for most types of armour.
You have supernaturally acute eyesight. (SInv)
You cover ground extremely quickly. (Speed+++)


Message History

The zap hits the lindwurm.
The lindwurm is lightly wounded.
Casting: Shock (safe; 1% risk of failure)
Confirm with . or Enter, or press ? or * to list all spells.
Aiming: Shock (safe; 1% risk of failure)
Press: ? - help, Shift-Dir - straight line, f/p - lindwurm
Aim: a lindwurm (lightly wounded, 88% to hit)
The zap hits the lindwurm but does no damage.
The lindwurm is lightly wounded.
The lindwurm breathes flames at you. The blast of flame hits you!!
* * * LOW HITPOINT WARNING * * *
You puncture the lindwurm!
Your weapon exudes an aura of protection.
The lindwurm is moderately wounded.
The lindwurm bites you!
* * * LOW HITPOINT WARNING * * *
The lindwurm barely misses you. The lindwurm misses you.
You fade into invisibility!
You block the lindwurm's attack. The lindwurm claws you.
* * * LOW HITPOINT WARNING * * *
The lindwurm claws you but does no damage.
You puncture the lindwurm!
The lindwurm is heavily wounded.
You catch the helpless lindwurm completely off-guard!
You puncture the lindwurm!
The lindwurm is severely wounded.
You hit the lindwurm but do no damage.
The lindwurm is severely wounded.
The lindwurm bites you but does no damage.
The lindwurm misses you. The lindwurm barely misses you.
You barely miss the lindwurm.
The lindwurm is severely wounded.
You barely miss the lindwurm.
The lindwurm roars!
The lindwurm is severely wounded.
The lindwurm breathes flames at you. The blast of flame hits you!!
Ouch! That really hurt!
You die...

#....#...,≈≈≈≈≈~,,* ##..### ##
#.FF.......≈≈≈~≈..# ##...#.####
###........~≈≈≈≈~.###..........
*.#.....<≈≈≈≈≈~...#........#.
##.......~≈≈≈≈~...†.....#####
#........~≈≈≈≈~..##...### #
##........≈~≈~.#**#.†..# #
#..........~k..# #....## #
#...........@.#* #....P# #
*#..........### ##...##
#P.....>...## #....##
##.......##.# ##....#
####P#..#### ##...## ** ###..[#
###....# ,*** #>..# ###......#
,,,* ##.## #.#....### ,,,**
##...# ##......## ##


You could see a lindwurm (unable to see you, catching breath).

Vanquished Creatures
  A catoblepas (Lair:1)
  Erica (D:9)
  4 two-headed ogres
  An elephant (D:7)
  Joseph (D:9)
  4 cane toads
  2 rime drakes (Lair:1)
  Maggie (D:7)
  A komodo dragon (Lair:2)
  A troll (D:10)
  Prince Ribbit (D:5)
  5 blink frogs
  Sigmund (D:6)
  A wraith (D:10)
  22 yaks
  3 wyverns
  A basilisk (Lair:2)
  A redback (D:6)
  8 water moccasins
  A sky beast (D:7)
  An ice beast (D:6)
  3 black bears
  A centaur (D:6)
  An ogre (D:4)
  3 wolves
  2 phantoms
  2 kobold brigands (D:9)
  2 brain worms (Sewer)
  12 bullfrogs
  11 scorpions
  21 killer bees
  An electric eel (D:8)
  A howler monkey (D:6)
  2 bombardier beetles
  4 hounds
  2 jellies (D:6)
  3 orc priests
  A gnoll bouda (D:10)
  Jessica (D:3)
  Terence (D:2)
  3 iguanas
  7 orc wizards
  5 river rats (Sewer)
  10 adders
  5 gnolls
  A shadow imp (D:7)
  2 white imps
  A dart slug (D:2)
  A ribbon worm (D:2)
  20 orcs
  14 ball pythons
  8 bats
  9 endoplasms
  3 giant cockroaches
  8 goblins
  6 hobgoblins
  4 jackals (D:2)
  4 quokkas
  9 frilled lizards
  A goblin zombie (D:7)
  15 kobolds
  10 rats
  A rat zombie (D:7)
283 creatures vanquished.

Notes
Turn   | Place    | Note
-------+----------+-------------------------------------------
     0 | D:5      | GordonOverkill the Spriggan Delver began the quest for the
                  | Orb.
     0 | D:5      | Reached XP level 1. HP: 11/11 MP: 2/2
    80 | D:6      | Noticed a jelly
    84 | D:6      | Killed a jelly
    85 | D:6      | Reached XP level 2. HP: 16/16 MP: 3/6
    85 | D:6      | Reached XP level 3. HP: 20/20 MP: 3/7
   162 | D:6      | Found Pirush's Magic Scroll Shop.
   163 | D:6      | Noticed Sigmund
   203 | D:6      | Found a glowing silver altar of Zin.
   217 | D:6      | Reached skill level 1 in Conjurations
   367 | D:5      | Reached XP level 4. HP: 24/24 MP: 9/9
   390 | D:5      | Reached skill level 1 in Throwing
   710 | D:5      | Reached XP level 5. HP: 28/28 MP: 10/10
   719 | D:5      | Found a staircase to the Ecumenical Temple.
   729 | Temple   | Entered the Ecumenical Temple
   828 | D:6      | Found a blossoming altar of Fedhas.
   945 | D:7      | Found a radiant altar of Vehumet.
   946 | D:7      | Noticed a sky beast
   956 | D:7      | Became a worshipper of Vehumet
   962 | D:7      | Noticed a two-headed ogre
  1107 | D:6      | Bought a scroll of identify for 26 gold pieces
  1118 | D:6      | Killed Sigmund
  1119 | D:6      | Reached XP level 6. HP: 32/32 MP: 11/11
  1307 | D:6      | Reached XP level 7. HP: 36/36 MP: 12/14
  1423 | D:6      | Reached skill level 5 in Spellcasting
  1556 | D:7      | Noticed Maggie
  1556 | D:7      | Noticed a wyvern
  1693 | D:6      | Found a runed translucent gate.
  1705 | D:6      | Found a runed translucent door.
  1706 | D:6      | Found a runed translucent gate.
  1710 | D:6      | Found a runed translucent gate.
  1713 | D:6      | Found the +9 staff of Olgreb {rPois∞}
  1717 | D:6      | Found a runed translucent door.
  1749 | D:6      | Noticed a redback
  1749 | D:6      | Noticed a redback
  2028 | D:5      | Noticed Prince Ribbit
  2050 | D:5      | Identified the +1 ring mail of the Illusory Hells {rN++
                  | MP-9 Int+8 Stlth-}
  2147 | D:4      | Found a glowing drain.
  2151 | Sewer    | Entered a sewer
  2343 | Sewer    | Reached * piety under Vehumet
  2343 | Sewer    | Offered knowledge of Magic Dart by Vehumet.
  2986 | D:4      | Found a shimmering blue altar of Sif Muna.
  3011 | D:4      | Fell from the grace of Vehumet
  3011 | D:4      | Became a worshipper of Sif Muna the Loreminder
  3287 | D:3      | Reached XP level 8. HP: 36/40 MP: 18/18
  3336 | D:3      | Found a bloodstained altar of Trog.
  3416 | D:3      | Noticed Jessica
  3422 | D:3      | Killed Jessica
  3423 | D:3      | Identified the +8 rapier of the Barnacled God {protect,
                  | rElec rPois Will- SInv}
  3446 | D:3      | Reached skill level 5 in Evocations
  4200 | D:2      | Noticed Terence
  4203 | D:2      | Killed Terence
  4272 | D:2      | Reached * piety under Sif Muna
  4630 | D:1      | Found Juhel's Distillery.
  4955 | D:1      | Reached ** piety under Sif Muna
  5704 | D:4      | Found a sacrificial altar of Ru.
  6011 | D:5      | Reached skill level 5 in Conjurations
  6011 | D:5      | Reached skill level 1 in Invocations
  6684 | D:5      | Killed Prince Ribbit
  6821 | D:6      | Reached XP level 9. HP: 44/44 MP: 19/19
  6867 | D:6      | Reached skill level 5 in Invocations
  7378 | D:6      | Found a blossoming altar of Fedhas.
  7463 | D:6      | Found Pirush's Magic Scroll Shop.
  7474 | D:6      | Found a glowing silver altar of Zin.
  7979 | D:6      | Found a runed translucent door.
  8007 | D:6      | Found a runed translucent door.
  8486 | D:6      | Was forgiven by Vehumet
  9282 | D:7      | Killed a two-headed ogre
  9462 | D:7      | Reached XP level 10. HP: 47/49 MP: 20/22
  9825 | D:7      | Killed Maggie
 10074 | D:7      | Found a stormy altar of Qazlal.
 10403 | D:8      | Reached *** piety under Sif Muna
 10431 | D:8      | Found a broken altar of Ashenzari.
 10434 | D:8      | Found an iron altar of Okawaru.
 10566 | D:8      | Found a white marble altar of Elyvilon.
 10604 | D:8      | Noticed an elephant
 10614 | D:8      | Noticed a two-headed ogre
 10656 | D:7      | Killed an elephant
 10978 | D:8      | Killed a two-headed ogre
 11034 | D:8      | Found a basalt altar of Yredelemnul.
 11258 | D:8      | Found a staircase to the Lair.
 11264 | D:8      | Reached skill level 5 in Fighting
 11352 | D:9      | Noticed Erica
 11357 | D:9      | Killed Erica
 11517 | D:9      | Found a hazy altar of Hepliaklqana.
 11594 | D:9      | Noticed a two-headed ogre
 11739 | D:9      | Killed a two-headed ogre
 11806 | D:9      | Reached XP level 11. HP: 46/56 MP: 25/25
 11946 | D:9      | Identified the +10 war axe of Izewuhoj {flame, *Corrode
                  | rElec Str+6 SInv}
 12338 | D:9      | Reached skill level 10 in Spellcasting
 12551 | D:9      | Found a runed translucent gate.
 12551 | D:9      | Found a runed translucent gate.
 12551 | D:9      | Found a runed translucent gate.
 12551 | D:9      | Found an opulent altar of Gozag.
 12553 | D:9      | Noticed a tengu warrior
 12553 | D:9      | Noticed hattey's ghost (novice HuWn)
 12554 | D:9      | Noticed a centaur warrior
 12554 | D:9      | Noticed a deep elf pyromancer
 12717 | D:9      | Noticed Joseph
 12725 | D:9      | Killed Joseph
 12954 | D:10     | Entered Level 10 of the Dungeon
 14260 | D:10     | Noticed a two-headed ogre
 14269 | D:10     | Killed a two-headed ogre
 14269 | D:10     | Reached **** piety under Sif Muna
 14961 | Lair:1   | Entered Level 1 of the Lair of Beasts
 16868 | Lair:1   | Reached skill level 10 in Conjurations
 17241 | Lair:1   | Noticed a catoblepas
 17426 | Lair:1   | Killed a catoblepas
 17783 | Lair:1   | Noticed a boulder beetle
 18082 | Lair:2   | Reached XP level 12. HP: 61/61 MP: 27/27
 18084 | Lair:2   | Learned a level 1 spell: Shock
 18189 | Lair:2   | Learned a level 4 spell: Airstrike
 18281 | Lair:2   | Reached skill level 1 in Air Magic
 19709 | Lair:2   | Killed from afar by a lindwurm

Illustrated notes

Levels and vault maps discovered:
D:1:      lordsloth_arrival_two_stooges, layout_basic, serial_shops,
          nicolae_shop_hallway_stairs, minmay_misc_feat_doors
D:2:      layout_basic, serial_park_tiny_2, uniq_terence
D:3:      layout_rooms, lemuel_round_altar, uniq_jessica
D:4:      layout_gridville, marbit_many_paths, nicolae_sif_muna_condensation,
          gup_sewer_entry_spiral, minmay_cupped
D:5:      layout_loops_ring, minmay_temple_entry_poolview, uniq_prince_ribbit1
D:6:      layout_basic, zin_academy, old_standard_altar, serial_shops,
          nicolae_square_shop, minmay_guarded_unrand_staff_of_olgreb,
          uniq_sigmund
D:7:      layout_basic, nicolae_vehumet_radiance, lemuel_coloured_pillars_altar,
          enter_ossuary_4, uniq_maggie
D:8:      layout_loops_cross, amcnicky_altar_gilded,
          mainiacjoe_overflow_boulevard, nicolae_overflow_squiral,
          grunt_lair_entry_orc_guard_hut
D:9:      layout_basic, lemuel_crystal_altar, ebering_ghost_gozag, uniq_erica,
          uniq_joseph
D:10:     layout_rooms, nicolae_nh_ransacked_shop
Temple:   zaba_magenta_temple
Lair:1:   layout_misc_corridors, gauntlet_entry_generic
Lair:2:   layout_concentric_octagons, infiniplex_staircase_pool

Skill      XL: |  1  2  3  4  5  6  7  8  9 10 11 12 |
---------------+-------------------------------------+-----
Fighting       | 3 6 |  6.0
Spellcasting   | 2 3 4 6 7 9 10 | 10.0
Conjurations   | 1 3 4 5 7 8 10 | 10.0
Throwing       | 3 |  3.0
Evocations     | 3 4 5 7 |  7.0
Short Blades   | 4 |  4.0
Invocations    | 4 5 7 8 |  8.1
Air Magic      | 3 |  3.5
Dodging        | |  2.6
Stealth        | |  7.2

Action                     |  1- 3 |  4- 6 |  7- 9 | 10-12 || total
---------------------------+-------+-------+-------+-------++-------
  Melee: Short sword       |     4 |    21 |   176 |       ||   201
         Rapier            |       |       |   275 |   609 ||   884
  Throw: Dart              |       |     2 |    16 |    55 ||    73
         Throwing net      |       |       |       |     2 ||     2
   Cast: Shock             |       |       |       |    62 ||    62
  Evoke: Wand              |       |     7 |    11 |    15 ||    33
         Tin of tremorston |       |       |       |     2 ||     2
    Use: Scroll            |       |     1 |    15 |     3 ||    19
         Potion            |       |       |     1 |     2 ||     3
   Stab: Sleeping          |     4 |     3 |    36 |    14 ||    57
         Paralysed         |       |     5 |     2 |       ||     7
         Distracted        |       |       |     4 |       ||     4
         Petrified         |       |       |       |     3 ||     3
         Fleeing           |       |       |       |     1 ||     1
         Petrifying        |       |       |       |     1 ||     1
         Invisible         |       |       |       |     1 ||     1
 Armour: Robe              |       |     6 |   168 |   332 ||   506
  Dodge: Dodged            |       |     7 |   322 |   457 ||   786
  Block: Other             |       |       |    43 |   134 ||   177
         Reflection        |       |       |       |     1 ||     1

Table legend: (Time is in decaauts)
 A = Elapsed time spent in this place.
 B = Non-inter-level travel time spent in this place.
 C = Inter-level travel time spent in this place.
 D = Time resting spent in this place.
 E = Time spent auto-exploring this place.
 F = Levels seen in this place.
 G = Mean time per level.
                   A        B        C        D        E       F      G
               +--------+--------+--------+--------+--------+-----+--------+
         Total |  15532 |  14957 |    575 |   6690 |   4519 |  14 | 1109.4 |
       Dungeon |  12776 |  12236 |    540 |   5459 |   3796 |  10 | 1277.6 |
        Temple |      1 |      1 |      0 |      0 |      0 |   1 |    1.0 |
          Lair |   2258 |   2223 |     35 |   1084 |    582 |   2 | 1129.0 |
         Sewer |    496 |    496 |      0 |    146 |    141 |   1 |  496.0 |
               +--------+--------+--------+--------+--------+-----+--------+

Top non-repeatable levels by time:
     D:6: 2662 daAuts
     D:9: 2244 daAuts
     D:8: 1999 daAuts
     D:7: 1506 daAuts
  Lair:1: 1310 daAuts
     D:4: 1002 daAuts
  Lair:2: 948 daAuts
    D:10: 923 daAuts
     D:5: 912 daAuts
     D:3: 660 daAuts
   Sewer: 496 daAuts
     D:2: 435 daAuts
     D:1: 428 daAuts
  Temple: 1 daAuts
